 Dungeon Sprint DCSS version 0.27-a0-463-gec7707c53d (webtiles) character file.

Game seed: 11619472080691584476

5737 mhtbhm the Severer (level 10, -17/139 (150) HPs)
             Began as a Minotaur Fighter on Mar 1, 2021.
             Was the Champion of Trog.
             Demolished by a jiangshi (18 damage)
             ... summoned by a vampire mage
             ... in the Dungeon (Sprint VII: "The Pits").
             The game lasted 00:02:06 (1403 turns).

mhtbhm the Severer (Minotaur Fighter)               Turns: 1403, Time: 00:02:06

HP:   -17/139 (150) AC: 19    Str: 24    XL:     10   Next: 49%
MP:   9/9           EV: 11    Int:  5    God:    Trog [******]
Gold: 0             SH: 14    Dex: 10    Spells: 9/9 levels left

rFire    . . .     SeeInvis .   r - +2 war axe (freeze)
rCold    . . .     Faith    .   c - +0 kite shield
rNeg     . . .     Spirit   .   b - +3 chain mail
rPois    .         Reflect  .   (helmet restricted)
rElec    .         Harm     .   (no cloak)
rCorr    .         Rampage  .   p - +0 pair of gloves
Will     .....     NoTele   +   q - +0 pair of boots
Stlth    ..........             (no amulet)
HPRegen  0.33/turn              (no ring)
MPRegen  0.11/turn              (no ring)

@: berserking, weak-willed, drained, very quick
A: retaliatory headbutt, horns 2
a: Renounce Religion, Berserk, Trog's Hand, Brothers in Arms


You were in the Dungeon.
You worshipped Trog.
Trog was exalted by your worship.
You visited 1 branch

Inventory:

Hand Weapons
 a - a +2 hand axe of freezing
 r - a +2 war axe of freezing (weapon)
Armour
 b - a +3 chain mail (worn)
 c - a +0 kite shield (worn)
 p - a +0 pair of gloves (worn)
 q - a +0 pair of boots (worn)
Jewellery
 m - a +3 ring of protection
 n - a +3 ring of strength
Scrolls
 j - a scroll of blinking
 l - a scroll of summoning
Potions
 d - 3 potions of might
 e - 9 potions of curing
 f - 7 potions of heal wounds
 g - a potion of haste
 h - 4 potions of magic
 i - 4 potions of berserk rage
 k - 2 potions of invisibility
 o - a potion of mutation


   Skills:
 + Level 12.8 Fighting
 + Level 15.4 Axes
 + Level 13.7 Armour
 + Level 7.0 Dodging
 + Level 1.6 Stealth
 + Level 15.3 Shields


You had 9 spell levels left.
You didn't know any spells.
Your spell library was empty.

Dungeon Overview and Level Annotations

Branches:
Dungeon (1/1)

Altars:
Ashenzari
Cheibriados
Dithmenos
Elyvilon
Fedhas
Gozag
Hepliaklqana
Kikubaaqudgha
Makhleb
Nemelex Xobeh
Okawaru
Qazlal
Ru
Sif Muna
Trog
Uskayaw
Vehumet
Wu Jian
Xom
Yredelemnul
Zin
The Shining One
Beogh
Jiyva
Lugonu


Innate Abilities, Weirdness & Mutations

You reflexively headbutt those who attack you in melee.
You have a pair of horns on your head.


Message History

The jiangshi draws strength from your injuries!
You block something's attack. Something bites you.
Something draws strength from your injuries!
The vampire hits you but does no damage.
The vampire bites you.
The vampire draws strength from your injuries!
The phantasmal warrior hits you!
You closely miss something. You hit the phantasmal warrior.
You slash the jiangshi! You freeze the jiangshi. You slash the jiangshi!
You freeze the jiangshi. You closely miss the vampire.
You block the jiangshi's attack. x2
Unknown command.
You hit something but do no damage. You slash the vampire!
You freeze the vampire. You slash the jiangshi! You freeze the jiangshi.
You slash the jiangshi! You freeze the jiangshi.
You slash the phantasmal warrior! You freeze the phantasmal warrior.
You block the jiangshi's attack.
The jiangshi claws you but does no damage.
The jiangshi claws you.
* * * LOW HITPOINT WARNING * * *
The jiangshi draws strength from your injuries!
The jiangshi claws you.
* * * LOW HITPOINT WARNING * * *
The jiangshi draws strength from your injuries!
You hear some strange, mumbled words.
You block the vampire's attack.
The vampire bites you but does no damage.
The phantasmal warrior hits you!!
* * * LOW HITPOINT WARNING * * *
Your willpower is stripped away!
You miss something.
You closely miss the phantasmal warrior.
You hit the jiangshi. You barely miss the jiangshi.
You closely miss the vampire. The jiangshi claws you!
* * * LOW HITPOINT WARNING * * *
The jiangshi draws strength from your injuries!
The jiangshi barely misses you.
The jiangshi claws you but does no damage.
The jiangshi claws you!!
You die...

#################+#
...)))............#
...).)..........WW#
++##############VV#
#@{# #VW# #W.# #..#
#..# #..# #..# #..#


You could see 2 jiangshi, a flayed ghost (summoned), 2 phantasmal warriors, a
freezing wraith (summoned) and a vampire (summoned).

Vanquished Creatures
  A naga warrior (D)
  A hydra (D)
  2 naga sharpshooters (D)
  A shadow wraith (D)
  A deep troll (D)
  A flayed ghost (D)
  A cane toad (D)
  A shadow (D)
  A wraith (D)
  A fire bat (D)
  A water elemental (D)
  A warg (D)
  2 nagas (D)
  An ice beast (D)
  A sky beast (D)
  A bullfrog (D)
  A gnoll sergeant (D)
  3 killer bees (D)
  An iron imp (D)
  A jelly (D)
  A hell rat (D)
  A worker ant (D)
  An adder (D)
  An ooze (D)
  An adder zombie (D)
  A leopard gecko (D)
  A bat (D)
  A giant cockroach (D)
  A goblin (D)
  3 jackals (D)
  2 quokkas (D)
  A frilled lizard (D)
  2 kobolds (D)
  A rat (D)
42 creatures vanquished.

Vanquished Creatures (collateral kills)
  A goblin (D)
1 creature vanquished.

Grand Total: 43 creatures vanquished

Notes
Turn   | Place    | Note
-------+----------+-------------------------------------------
     0 | D        | mhtbhm the Minotaur Fighter began the quest for the Orb.
     0 | D        | Reached XP level 1. HP: 19/19 MP: 0/0
    25 | D        | Found a bloodstained altar of Trog.
    25 | D        | Found a shimmering blue altar of Sif Muna.
    25 | D        | Found a viscous altar of Jiyva.
    25 | D        | Found a hazy altar of Hepliaklqana.
    25 | D        | Found an opulent altar of Gozag.
    26 | D        | Found a glowing golden altar of the Shining One.
    26 | D        | Found a glowing silver altar of Zin.
    26 | D        | Found a basalt altar of Yredelemnul.
    26 | D        | Found a shimmering altar of Xom.
    26 | D        | Found an ornate altar of the Wu Jian Council.
    26 | D        | Found a sacrificial altar of Ru.
    26 | D        | Found a stormy altar of Qazlal.
    26 | D        | Found an iron altar of Okawaru.
    26 | D        | Found a sparkling altar of Nemelex Xobeh.
    26 | D        | Found a burning altar of Makhleb.
    26 | D        | Found a blossoming altar of Fedhas.
    26 | D        | Found a white marble altar of Elyvilon.
    26 | D        | Found a shadowy altar of Dithmenos.
    26 | D        | Found a snail-covered altar of Cheibriados.
    28 | D        | Found a radiant altar of Vehumet.
    28 | D        | Found a corrupted altar of Lugonu.
    28 | D        | Found a roughly hewn altar of Beogh.
    30 | D        | Became a worshipper of Trog the Wrathful
    77 | D        | Noticed a worker ant
    80 | D        | Reached * piety under Trog
    84 | D        | Killed a worker ant
    85 | D        | Reached skill level 5 in Fighting
    85 | D        | Reached skill level 5 in Armour
    85 | D        | Reached skill level 5 in Shields
    85 | D        | Reached XP level 2. HP: 29/29 MP: 1/1
    95 | D        | Reached ** piety under Trog
    96 | D        | Reached XP level 3. HP: 26/36 MP: 2/2
   264 | D        | Noticed a sky beast
   265 | D        | Noticed a warg
   271 | D        | Killed a warg
   272 | D        | Reached XP level 4. HP: 37/47 MP: 3/3
   272 | D        | Reached XP level 5. HP: 41/52 MP: 4/4
   276 | D        | Reached *** piety under Trog
   291 | D        | Noticed a fire bat
   303 | D        | Killed a sky beast
   303 | D        | Reached **** piety under Trog
   345 | D        | Killed a fire bat
   346 | D        | Reached XP level 6. HP: 62/62 MP: 5/5
   371 | D        | Killed a shadow wraith
   371 | D        | Reached ***** piety under Trog
   372 | D        | Reached skill level 10 in Fighting
   372 | D        | Reached XP level 7. HP: 69/72 MP: 6/6
   486 | D        | Reached XP level 8. HP: 79/79 MP: 7/7
   490 | D        | Reached skill level 10 in Axes
   495 | D        | Noticed a cane toad
   508 | D        | Identified the +4 scimitar "Tormentor" {flame, rF+} (Trog
                  | gifted it to you in the Dungeon)
   508 | D        | Received a gift from Trog
   509 | D        | Reached skill level 5 in Dodging
   510 | D        | Killed a cane toad
   668 | D        | Found a hide-covered altar of Uskayaw.
   668 | D        | Found an ancient bone altar of Kikubaaqudgha.
   668 | D        | Found a broken altar of Ashenzari.
   695 | D        | Noticed a deep troll
   720 | D        | Killed a deep troll
   721 | D        | Reached XP level 9. HP: 24/89 MP: 8/8
  1026 | D        | Noticed a flayed ghost
  1032 | D        | Killed a flayed ghost
  1091 | D        | Noticed a seven-headed hydra
  1099 | D        | Killed an 11-headed hydra
  1100 | D        | Reached skill level 1 in Stealth
  1242 | D        | Noticed a naga warrior
  1243 | D        | Noticed a naga sharpshooter
  1243 | D        | Noticed a naga sharpshooter
  1253 | D        | Killed a naga sharpshooter
  1254 | D        | Reached XP level 10. HP: 99/99 MP: 9/9
  1255 | D        | Reached ****** piety under Trog
  1255 | D        | Received a gift from Trog
  1257 | D        | Killed a naga warrior
  1258 | D        | Reached skill level 15 in Shields
  1262 | D        | Killed a naga sharpshooter
  1263 | D        | Reached skill level 15 in Axes
  1387 | D        | Noticed a vampire mage
  1398 | D        | Noticed a jiangshi
  1398 | D        | Noticed a phantasmal warrior
  1398 | D        | Noticed a jiangshi
  1403 | D        | Noticed a flayed ghost
  1403 | D        | Noticed a phantasmal warrior
  1403 | D        | HP: 1/139 [jiangshi[a vampire mage] (10)]
  1403 | D        | Demolished by a jiangshi

Illustrated notes

Levels and vault maps discovered:
D:        pitsprint [storerooms_1, entrance_room_1, metal_vault_8, armoury_2,
          mini_pit_1, grid_room_1, main_hall_1, silver_pit, the_coven_1,
          the_vestibule_1, steel_vault_4, golden_pit, hallway_of_sentries,
          crystal_vault_1, iron_vault_5, final_vault]

Skill      XL: |  1  2  3  4  5  6  7  8  9 10 |
---------------+-------------------------------+-----
Fighting       | 5 7 8 10 11 12 | 12.8
Armour         | 5 8 9 11 12 13 | 13.7
Shields        | 5 7 9 11 13 14 15 | 15.3
Axes           | 3 4 7 9 12 14 15 | 15.4
Dodging        | 2 3 4 5 6 7 |  7.0
Stealth        | 1 |  1.6

Action                   |  1- 3 |  4- 6 |  7- 9 | 10-12 || total
-------------------------+-------+-------+-------+-------++-------
Melee: Hand axe          |    22 |    45 |    23 |       ||    90
       War axe           |     7 |       |    34 |    22 ||    63
       Headbutt          |     5 |     5 |    12 |     3 ||    25
Invok: Berserk           |     1 |     1 |     5 |     1 ||     8
       Brothers in Arms  |       |       |     1 |       ||     1
  Use: Potion            |       |     1 |       |       ||     1
Armor: Scale mail        |    17 |       |       |       ||    17
       Chain mail        |     3 |    20 |    30 |    10 ||    63
Dodge: Dodged            |    18 |    13 |    19 |     3 ||    53
Block: Kite shield       |    17 |    28 |    46 |    13 ||   104

Table legend: (Time is in decaauts)
 A = Elapsed time spent in this place.
 B = Non-inter-level travel time spent in this place.
 C = Inter-level travel time spent in this place.
 D = Time resting spent in this place.
 E = Time spent auto-exploring this place.
 F = Levels seen in this place.
 G = Mean time per level.
                   A        B        C        D        E       F      G
               +--------+--------+--------+--------+--------+-----+--------+
         Total |   1470 |   1470 |      0 |    780 |    226 |   1 | 1470.0 |
       Dungeon |   1470 |   1470 |      0 |    780 |    226 |   1 | 1470.0 |
               +--------+--------+--------+--------+--------+-----+--------+

Top non-repeatable levels by time:
       D: 1470 daAuts
